 Dungeon Crawl Stone Soup version 0.30-a0-883-g5ad918d77d (webtiles) character file.

Game seed: 5840039163786165794

118 Iich the Trooper (level 4, -2/55 HPs)
             Began as a Demonspawn Fighter on Mar 16, 2023.
             Splashed by a jelly's acid (5 damage)
             ... on level 3 of the Dungeon.
             The game lasted 00:04:18 (1708 turns).

Iich the Trooper (Demonspawn Fighter)               Turns: 1708, Time: 00:04:19

Health: -2/55      AC:  4    Str: 17    XL:     4   Next: 72%
Magic:  4/4        EV:  8    Int:  9    God:
Gold:   82         SH:  8    Dex: 14    Spells: 3/3 levels left

rFire   + + .      SeeInvis .    a - +0 war axe
rCold   . . .      Faith    .    c - +0 buckler
rNeg    . . .      Spirit   .    b - +0 scale mail
rPois   .          Reflect  .    h - +1 helmet
rElec   .          Rampage  .    (no cloak)
rCorr   .                        (no gloves)
Will    .....                    (no boots) Stlth
                                 (no amulet)
HPRegen 0.29/turn                F - ring of protection from fire
MPRegen 0.09/turn                f - ring of protection from fire

@: berserking, corroded, very quick
A: large bone plates 1
a: no special abilities


You were on level 3 of the Dungeon.
You visited 1 branch of the dungeon, and saw 3 of its levels.

You collected 82 gold pieces.

Inventory:

Hand Weapons
 a - a +0 war axe (weapon)
Armour
 b - a +0 scale mail (worn)
 c - a +0 buckler (worn)
 h - a +1 helmet (worn)
Jewellery
 e - a ring of fire
 f - a ring of protection from fire (right hand)
 F - a ring of protection from fire (left hand)
Scrolls
 g - a scroll of fog
 j - 2 scrolls of enchant armour
 l - a scroll of summoning
 t - a scroll of teleportation
Potions
 d - a potion of might
 i - a potion of heal wounds {unknown}


   Skills:
 + Level 4.0 Fighting
 * Level 3.8 Axes
 - Level 2.6 Armour
 - Level 2.6 Shields


You had 3 spell levels left.
You didn't know any spells.
Your spell library was empty.

Dungeon Overview and Level Annotations

Branches:
Dungeon (3/15)

Altars:


Innate Abilities, Weirdness & Mutations

You are partially covered in large bone plates. (SH +4)


Message History

Where to? (Enter - D:2, ? - help)
What level of the Dungeon? (default 1, ? - help)
There is a stone staircase leading down here.
You climb downwards.
There is a stone staircase leading up here.
A jelly comes into view.
The jelly quivers.
You hit the jelly. The acid corrodes you!
Your hands burn!
The jelly is lightly wounded.
The jelly barely misses you.
You take 5 damage, and have 32/37 hp.
You hit the jelly.
Your hands burn!
The jelly is moderately wounded.
You block the jelly's attack.
You take 4 damage, and have 28/37 hp.
You hit the jelly but do no damage.
Your hands burn!
The jelly is moderately wounded.
The jelly hits you.
You are splashed with acid!
* * * LOW HITPOINT WARNING * * *
You take 14 damage, and have 14/37 hp. !!!!--MASSIVE DAMAGE--!!!!
You are too injured to fight recklessly!
You are too injured to fight recklessly!
You are too injured to fight recklessly!
You are too injured to fight recklessly!
You are too injured to fight recklessly!
You are too injured to fight recklessly!
You are too injured to fight recklessly!
You hit the jelly.
Your hands burn!
* * * LOW HITPOINT WARNING * * *
The jelly is heavily wounded.
You block the jelly's attack. The jelly hits you.
* * * LOW HITPOINT WARNING * * *
You are splashed with acid!
* * * LOW HITPOINT WARNING * * *
You take 13 damage, and have 1/37 hp. !!!!--MASSIVE DAMAGE--!!!!
A red film seems to cover your vision as you go berserk!
You feel yourself moving faster!
You feel mighty! You block the jelly's attack.
You now have 3/55 hp.
You hit the jelly.
Your hands burn!
You die...

## ###########
..
......J@..####.#
#########.#....#
##.#.#########.
#......<.......
#.........#####
#.#.......#
#.##......# #.
##.....# #.
###.###


You could see a jelly.

Vanquished Creatures
  A gnoll (D:1)
  5 adders (D:2)
  A worm (D:2)
  2 dart slugs
  7 endoplasms
  2 giant cockroaches (D:2)
  7 goblins
  5 hobgoblins
  4 jackals (D:2)
  2 quokkas (D:2)
  3 ball pythons
  A bat (D:1)
  4 frilled lizards
  7 kobolds
  6 rats
57 creatures vanquished.

Notes
Turn   | Place    | Note
-------+----------+-------------------------------------------
     0 | D:1      | Iich the Demonspawn Fighter began the quest for the Orb.
     0 | D:1      | Reached XP level 1. HP: 18/18 MP: 1/1
   225 | D:1      | Gained mutation: You are partially covered in large bone
                  | plates. (SH +4) [demonic ancestry]
   225 | D:1      | Reached XP level 2. HP: 21/24 MP: 2/2
   352 | D:1      | Reached XP level 3. HP: 29/29 MP: 3/3
   800 | D:2      | Reached XP level 4. HP: 37/37 MP: 4/4
  1515 | D:2      | Reached skill level 4 in Fighting
  1706 | D:3      | HP: 1/37 [acid (7)]
  1708 | D:3      | Splashed by a jelly's acid

Illustrated notes

Levels and vault maps discovered:
D:1:      spicycebolla_arrival_ecumenical, layout_basic,
          kennysheep_pointless_box, chequers_serial_rivers_large_b
D:2:      minmay_chambers_of_twos, layout_basic, minmay_split_cup_small
D:3:      layout_loops_ring, nicolae_overflow_ecumenical_swirl,
          lemuel_coloured_pillars_altar, nicolae_overflow_crystal_walls

Skill      XL: |  1  2  3  4 |
---------------+-------------+-----
Axes           | 2 3 |  3.8
Fighting       | 4 |  4.0
Armour         | |  2.6
Shields        | |  2.6

Action                     |  1- 3 |  4- 6 || total
---------------------------+-------+-------++-------
  Melee: War axe           |    73 |    76 ||   149
    Use: Scroll            |       |     5 ||     5
         Potion            |       |     1 ||     1
 Armour: Scale mail        |    45 |    33 ||    78
  Dodge: Dodged            |    30 |    22 ||    52
  Block: Buckler           |    36 |    30 ||    66

Table legend: (Time is in decaauts)
 A = Elapsed time spent in this place.
 B = Non-inter-level travel time spent in this place.
 C = Inter-level travel time spent in this place.
 D = Time resting spent in this place.
 E = Time spent auto-exploring this place.
 F = Levels seen in this place.
 G = Mean time per level.
                   A        B        C        D        E       F      G
               +--------+--------+--------+--------+--------+-----+--------+
         Total |   1789 |   1732 |     57 |      0 |   1386 |   3 |  596.3 |
       Dungeon |   1789 |   1732 |     57 |      0 |   1386 |   3 |  596.3 |
               +--------+--------+--------+--------+--------+-----+--------+

Top non-repeatable levels by time:
     D:2: 1046 daAuts
     D:1: 726 daAuts
     D:3: 15 daAuts
